 Dungeon Crawl Stone Soup version 0.29.0-4-gdea44cf6ec (webtiles) character file.

Game seed: 3041184332433310997

215 qw the Chopper (level 5, -1/30 HPs)
             Began as a Tengu Warper on Aug 28, 2022.
             Slain by a gnoll
             ... wielding a +0 spear
              (3 damage)
             ... on level 4 of the Dungeon.
             The game lasted 00:00:18 (4589 turns).

qw the Chopper (Tengu Warper)                       Turns: 4589, Time: 00:00:19

Health: -1/30      AC:  8    Str: 14    XL:     5   Next: 92%
Magic:  9/9        EV:  7    Int: 13    God:
Gold:   181        SH:  0    Dex: 13    Spells: 8/8 levels left

rFire   . . .      SeeInvis .   b - +0 war axe
rCold   . . .      Faith    .   (no shield)
rNeg    . . .      Spirit   .   m - +0 chain mail
rPois   .          Reflect  .   (helmet restricted)
rElec   .          Harm     .   (no cloak)
rCorr   .          Rampage  .   (no gloves)
Will    .....                   (boots unavailable)
Stlth   ..........              (no amulet)
HPRegen 0.10/turn               (no ring)
MPRegen 0.11/turn               (no ring)

@: flying quickly and evasively, quick
A: beak, talons 3, nimble flight
a: no special abilities


You were on level 4 of the Dungeon.
You visited 1 branch of the dungeon, and saw 4 of its levels.

You collected 181 gold pieces.


Innate Abilities, Weirdness & Mutations

You have a beak for a mouth.
You have claws for feet.
Your magical nature lets you fly swiftly and evasively.


   Skills:
 - Level 2.0 Fighting
 - Level 6.3 Axes
 - Level 1.0 Throwing
 + Level 1.9 Armour
 - Level 2.1 Dodging
 - Level 2.0 Spellcasting
 - Level 2.4 Translocations


You had 8 spell levels left.
You didn't know any spells.
Your spell library contained the following spells:

 Spells                   Type           Power      Damage    Failure   Level
 Blink                    Tloc           14%        N/A       98%         2
 Gell's Gravitas          Tloc           7%         N/A       100%        3
 Lesser Beckoning         Tloc           7%         N/A       100%        3
 Teleport Other           Tloc           7%         N/A       100%        3
 Manifold Assault         Tloc           7%         N/A       100%        5

Inventory:

Hand Weapons
 b - a +0 war axe (weapon)
 n - a +0 whip
Armour
 m - a +0 chain mail (worn)
Scrolls
 a - a scroll of identify
Potions
 d - a potion of might
 e - a potion of magic {unknown}
 f - a potion of degeneration {unknown}
 h - a potion of haste {unknown}
 i - a potion of heal wounds {unknown}
 j - a potion of mutation {unknown}

Dungeon Overview and Level Annotations

Branches:
Dungeon (4/15)
 Temple: D:4-7

Altars:
Nemelex Xobeh


Message History

HP restored.
4570 ||| DROPPING +0 hand axe.
You drop a +0 hand axe.
Found a runed copper wand. 3 gnolls and an adder come into view.
The gnoll shouts!
4579 ||| Stepping ~*~*~tactically~*~*~ (hiding).
4582 ||| Stepping ~*~*~tactically~*~*~ (hiding).
You hit the gnoll.
The gnoll is heavily wounded.
The gnoll hits you with a +0 flail.
You hit the gnoll. You claw the gnoll.
You kill the gnoll!
You closely miss the adder. The adder bites you but does no damage.
A gnoll comes into view. It is wielding a +0 flail.
A dart slug comes into view.
The gnoll shouts!
You hit the adder. Your kick misses the adder.
The adder is severely wounded.
The adder bites you but does no damage. The gnoll barely misses you.
The adder bites you.
You slash the adder!
You kill the adder!
The gnoll hits you from afar with a +0 spear.
You completely miss the gnoll. You claw the gnoll.
The gnoll is lightly wounded.
The gnoll hits you from afar with a +0 spear.
The gnoll closely misses you. The gnoll hits you with a +0 club.
The gnoll barely misses you.
You barely miss the gnoll. You claw the gnoll. You peck the gnoll.
The gnoll is almost dead.
You hit the gnoll. The gnoll barely misses you.
The gnoll hits you with a +0 club. The gnoll hits you but does no damage.
You hit the gnoll.
You kill the gnoll!
You closely miss the gnoll. The gnoll hits you with a +0 flail.
The gnoll hits you from afar with a +0 spear.
You die...

.# #...........
#.. ###......##.
...#####).....#.
.
......#........#
.. #..........#
... #
#...........
...#.
#...........
#..##.###......#
...#.....@#
#......
........g)#
......
.......!.g#
......
....#........
....
.........w...g.
....##..#.....g
.... #..../....
... ..........
.. ....###...


You could see 2 gnolls and a dart slug.

Vanquished Creatures
  A scorpion (D:4)
  Natasha (thrice) (D:3)
  2 gnolls (D:4)
  2 adders
  A worm (D:4)
  An orc (D:4)
  2 endoplasms
  5 giant cockroaches
  3 goblins (D:2)
  6 hobgoblins
  4 jackals (D:3)
  A quokka (D:2)
  6 ball pythons
  4 bats
  6 frilled lizards
  6 kobolds
  4 rats
57 creatures vanquished.

Notes
Turn   | Place    | Note
-------+----------+-------------------------------------------
     0 | D:1      | qw the Tengu Warper began the quest for the Orb.
     0 | D:1      | Reached XP level 1. HP: 12/12 MP: 4/4
     0 | D:1      | 0 ||| qw: Version: 0.1-a-89-g26bdef1
     0 | D:1      | 0 ||| qw: Game counter: 3072
     0 | D:1      | 0 ||| qw: Always use a shield: true
     0 | D:1      | 0 ||| qw: God list: Okawaru
     0 | D:1      | 0 ||| qw: Allow faded altars: false
     0 | D:1      | 0 ||| qw: Do Orc after D:15 true
     0 | D:1      | 0 ||| qw: Do second Lair branch before Depths: true
     0 | D:1      | 0 ||| qw: Lair rune preference: random
     0 | D:1      | 0 ||| qw: Plans: Normal
     0 | D:1      | 0 ||| PLANNING D:1-11
   109 | D:1      | 109 ||| Stepping ~*~*~tactically~*~*~ (stealth).
   253 | D:1      | Reached skill level 3 in Axes
   253 | D:1      | Reached XP level 2. HP: 17/17 MP: 6/6
   771 | D:1      | Found a faded altar of an unknown god.
   821 | D:1      | HP: 4/17 [hobgoblin (4)]
  1545 | D:1      | 1545 ||| DROPPING amulet of magic regeneration.
  1546 | D:1      | 1546 ||| READING 3 scrolls labelled GAIVORRELU.
  1547 | D:1      | 1547 ||| READING scroll labelled WUIJ MECIA.
  1548 | D:1      | 1548 ||| READING scroll labelled FIFIGG EJAN.
  1549 | D:1      | 1549 ||| DRINKING 2 viscous cyan potions.
  1550 | D:1      | 1550 ||| READING 2 scrolls of identify.
  1550 | D:1      | 1550 ||| IDENTIFYING puce potion
  1551 | D:1      | 1551 ||| DROPPING scroll of blinking.
  1552 | D:1      | 1552 ||| DROPPING potion of attraction.
  1750 | D:2      | 1750 ||| Stepping ~*~*~tactically~*~*~ (stealth).
  1757 | D:2      | 1757 ||| Stepping ~*~*~tactically~*~*~ (stealth).
  1767 | D:2      | Reached XP level 3. HP: 9/21 MP: 7/7
  2364 | D:2      | Reached skill level 4 in Axes
  2870 | D:2      | 2870 ||| UPGRADING to +0 scale mail.
  2880 | D:2      | 2880 ||| DROPPING +0 leather armour.
  2881 | D:2      | 2881 ||| READING scroll labelled ZOUSTORIYRU.
  2885 | D:2      | 2885 ||| READING scroll labelled WUWKEQUA HUYMM.
  2886 | D:2      | 2886 ||| DRINKING 2 cyan potions.
  3050 | D:3      | 3050 ||| Stepping ~*~*~tactically~*~*~ (stealth).
  3067 | D:3      | Noticed Natasha
  3075 | D:3      | Killed Natasha
  3076 | D:3      | Reached XP level 4. HP: 9/26 MP: 8/8
  3099 | D:3      | Noticed Natasha
  3100 | D:3      | 3100 ||| FLEEEEING.
  3195 | D:3      | 3195 ||| FLEEEEING.
  3304 | D:3      | Killed Natasha
  3305 | D:3      | Reached skill level 5 in Axes
  3516 | D:3      | 3516 ||| Stepping ~*~*~tactically~*~*~ (stealth).
  3545 | D:3      | 3545 ||| Stepping ~*~*~tactically~*~*~ (stealth).
  3694 | D:3      | Found a sparkling altar of Nemelex Xobeh.
  3790 | D:3      | Noticed Natasha
  3798 | D:3      | Killed Natasha
  4068 | D:3      | Gained mutation: Your magical nature lets you fly swiftly
                  | and evasively. [Tengu growth]
  4068 | D:3      | Reached XP level 5. HP: 29/30 MP: 9/9
  4091 | D:3      | 4091 ||| DROPPING +0 club.
  4170 | D:3      | 4170 ||| UPGRADING to +0 chain mail.
  4180 | D:3      | 4180 ||| DROPPING +0 scale mail.
  4181 | D:3      | 4181 ||| DRINKING 2 fuming inky potions.
  4182 | D:3      | 4182 ||| READING 2 scrolls of identify.
  4182 | D:3      | 4182 ||| IDENTIFYING glowing brown potion
  4183 | D:3      | 4183 ||| DROPPING potion of berserk rage.
  4184 | D:3      | 4184 ||| DROPPING potion of brilliance.
  4201 | D:4      | 4201 ||| STAIRDANCE
  4206 | D:4      | 4206 ||| STAIRDANCE
  4255 | D:4      | 4255 ||| STAIRDANCE
  4386 | D:4      | HP: 6/30 [poisoned by a scorpion]
  4387 | D:4      | Reached skill level 6 in Axes
  4387 | D:4      | 4387 ||| DRINKING potion of curing.
  4387 | D:4      | 4387 ||| (to cure poison)
  4550 | D:4      | 4550 ||| SWAPPING to +0 war axe.
  4570 | D:4      | 4570 ||| DROPPING +0 hand axe.
  4579 | D:4      | 4579 ||| Stepping ~*~*~tactically~*~*~ (hiding).
  4582 | D:4      | 4582 ||| Stepping ~*~*~tactically~*~*~ (hiding).
  4588 | D:4      | HP: 7/30 [gnoll/+0 club (6)]
  4589 | D:4      | HP: 2/30 [gnoll/+0 flail (6)]
  4589 | D:4      | Slain by a gnoll

Levels and vault maps discovered:
D:1:      noname_arrival_rooms_in_the_neighbourhood, layout_basic,
          chequers_ecumenical_altar_grove, serial_corexii_hall,
          chequers_hall_statues_y, chequers_hall_statues_wall_a
D:2:      layout_basic, minmay_misc_feat_nine_boxes, minmay_tromino_i2
D:3:      layout_loops_ring, mainiacjoe_overflow_alcove_2, uniq_natasha
D:4:      layout_cave_pools, zin_treasury, nicolae_ru_the_path_less_chosen,
          uniq_grinder

Skill      XL: |  1  2  3  4  5 |
---------------+----------------+-----
Axes           | 3 4 5 6 |  6.3
Fighting       | |  2.0
Throwing       | |  1.0
Armour         | |  1.9
Dodging        | |  2.1
Spellcasting   | |  2.0
Translocations | |  2.4

Action                   |  1- 3 |  4- 6 || total
-------------------------+-------+-------++-------
Melee: Hand axe          |    99 |    66 ||   165
       Kick              |    23 |    18 ||    41
       Peck              |    13 |    10 ||    23
       Punch             |     2 |       ||     2
       War axe           |       |    11 ||    11
Throw: Boomerang         |     7 |       ||     7
  Use: Scroll            |     6 |     1 ||     7
       Potion            |     2 |     2 ||     4
Armor: Leather armour    |    19 |       ||    19
       Scale mail        |     4 |     6 ||    10
       Chain mail        |       |    53 ||    53
Dodge: Dodged            |    59 |    33 ||    92

Table legend:
 A = Non-vault XP
 B = Vault XP
 C = Vault XP percentage of total XP
 D = Non-vault monster count
 E = Vault monster count
 F = Vault count percentage of total count
                 A         B        C        D         E       F
            +---------+---------+-------+---------+---------+-------
      Total |     283 |      39 |  12.1 |      54 |       3 |   5.3
            +---------+---------+-------+---------+---------+-------
        D:1 |      24 |       0 |   0.0 |      18 |       0 |   0.0
        D:2 |      20 |       4 |  16.7 |      12 |       2 |  14.3
        D:3 |     100 |      35 |  25.9 |      13 |       1 |   7.1
        D:4 |     139 |       0 |   0.0 |      11 |       0 |   0.0
            +---------+---------+-------+---------+---------+-------
